 Dungeon Crawl Stone Soup version 0.23.1-37-gaa34b87 (webtiles) character file.

Game seed: 16726853742539318991

81 night the Cudgeler (level 4, 0/26 HPs)
             Began as a Gargoyle Gladiator on Mar 22, 2019.
             Slain by a worm (6 damage)
             ... on level 3 of the Dungeon.
             The game lasted 00:03:12 (1559 turns).

night the Cudgeler (Gargoyle Gladiator)             Turns: 1559, Time: 00:03:13

Health: 0/26       AC:  7    Str: 18    XL:     4   Next: 42%
Magic:  4/4        EV: 11    Int:  9    God:
Gold:   72         SH:  2    Dex:  6    Spells: 3/3 levels left

rFire    + . .     SeeInvis .   a - +0 flail
rCold    x . .     Gourm    .   p - +0 buckler
rNeg     + . .     Faith    .   b - +0 leather armour
rPois    ∞         Spirit   .   c - +0 helmet
rElec    +         Reflect  .   (no cloak)
rCorr    .         Harm     .   (no gloves)
MR       .....                  (no boots)
Stlth    +.........             (no amulet)
HPRegen  0.08/turn              n - ring of fire
MPRegen  0.09/turn              i - -5 ring of dexterity (curse)

@: no status effects
A: negative energy resistance 1, electricity resistance, unbreathing,
petrification resistance, rot immunity, AC +3
a: no special abilities


You were on level 3 of the Dungeon.
You were not hungry.

You visited 1 branch of the dungeon, and saw 3 of its levels.

You collected 72 gold pieces.

Inventory:

Hand Weapons
 a - a +0 flail (weapon)
Missiles
 d - 3 throwing nets (quivered)
 g - 21 bolts
 h - 51 arrows
 k - 92 stones
Armour
 b - a +0 leather armour (worn)
 c - a +0 helmet (worn)
 p - a +0 buckler (worn)
Jewellery
 i - a cursed -5 ring of dexterity (right hand)
 n - a ring of fire (left hand)
Scrolls
 m - 2 scrolls of amnesia
Potions
 e - a potion of mutation {unknown}
 j - a potion of haste {unknown}
 o - a potion of degeneration {unknown}
Comestibles
 f - 4 rations
 l - 2 chunks of flesh


   Skills:
 - Level 2.1 Fighting
 + Level 5.1 Maces & Flails
 - Level 1.7 Throwing
 - Level 2.4 Dodging


You had 3 spell levels left.
You didn't know any spells.
Your spell library was empty.

Dungeon Overview and Level Annotations

Branches:
Dungeon (3/15)

Altars:


Innate Abilities, Weirdness & Mutations

You are resistant to torment.
Your stone body is resilient. (AC +3)
You are immune to poison.
You resist negative energy. (rN+)
You are resistant to electric shocks. (rElec)
You can survive without breathing.
You are immune to petrification.
You are immune to rotting.


Message History

The worm bites you but does no damage.
You hit the worm.
The worm is lightly wounded.
The worm bites you!
You are too injured to fight recklessly!
You are too injured to fight recklessly!
You are too injured to fight recklessly!
You hit the worm.
The worm is moderately wounded.
You completely miss the worm.
The worm is moderately wounded.
The worm bites you but does no damage.
You barely miss the worm.
The worm is moderately wounded.
The worm bites you!
* * * LOW HITPOINT WARNING * * *
You hit the worm but do no damage.
The worm is lightly wounded.
The worm bites you.
You die...

###....
#.....#
##.....#
......#
..... .g.
#w# #@#
#######.#
........#
.#####..#
#.<# #..#
#..# #..#
..<#


You could see a worm and a goblin.

Vanquished Creatures
  3 adders (D:2)
  A worm (D:2)
  2 dart slugs
  2 leopard geckos
  2 giant cockroaches
  5 goblins
  2 hobgoblins
  8 jackals (D:1)
  7 kobolds
  3 bats (D:2)
  10 rats
45 creatures vanquished.

Notes
Turn   | Place    | Note
-------+----------+-------------------------------------------
     0 | D:1      | night the Gargoyle Gladiator began the quest for the Orb.
     0 | D:1      | Reached XP level 1. HP: 12/12 MP: 1/1
    26 | D:1      | Reached XP level 2. HP: 15/17 MP: 2/2
   236 | D:1      | Reached skill level 4 in Maces & Flails
   238 | D:1      | Reached XP level 3. HP: 19/21 MP: 3/3
  1015 | D:2      | Reached XP level 4. HP: 24/26 MP: 4/4
  1399 | D:2      | Reached skill level 5 in Maces & Flails
  1559 | D:3      | Slain by a worm

Skill      XL: |  1  2  3  4 |
---------------+-------------+-----
Maces & Flails | 4 5 |  5.1
Fighting       | |  2.1
Throwing       | |  1.7
Dodging        | |  2.4

Action                   |  1- 3 |  4- 6 || total
-------------------------+-------+-------++-------
Melee: Flail             |    92 |    39 ||   131
  Use: Scroll            |       |     1 ||     1
 Stab: Sleeping          |     1 |       ||     1
  Eat: Chunk             |       |     2 ||     2
Armor: Leather armour    |    60 |    20 ||    80
Dodge: Dodged            |    72 |    19 ||    91
